 Dungeon Crawl Stone Soup version 0.13.2 (webtiles) character file.

602 sanboga the Covered (level 6, -10/53 HPs)
             Began as a Minotaur Fighter on Feb 27, 2017.
             Mangled by Edmund
             ... wielding a +1,+2 flail of draining
              (11 damage)
             ... on Level 4 of the Dungeon.
             The game lasted 00:15:47 (3293 turns).

sanboga the Covered (Minotaur Fighter)              Turns: 3293, Time: 00:15:47

HP -10/53        AC  8     Str 21      XL: 6   Next: 91%
MP   2/2         EV  9     Int  5      God:
Gold 110         SH  0     Dex 11      Spells:  0 memorised,  5 levels left

Res.Fire  : . . .   See Invis. : .   o - +3,+4 quarterstaff (chaos)
Res.Cold  : . . .   Warding    : .   b - +0 scale mail
Life Prot.: . . .   Conserve   : .   (no shield)
Res.Poison: .       Res.Corr.  : .   (helmet restricted)
Res.Elec. : .       Clarity    : .   l - +0 cloak (curse)
Sust.Abil.: . .     Spirit.Shd : .   (no gloves)
Res.Mut.  : .       Stasis     : .   (no boots)
Res.Rott. : .       Flight     : .   (no amulet)
Saprovore : . . .                    (no ring)
                                     (no ring)

@: heavily drained, slightly resistant to hostile enchantments, extremely
unstealthy
A: retaliatory headbutt, horns 2
a: no special abilities


You were on level 4 of the Dungeon.
You were not hungry.

You visited 1 branch of the dungeon, and saw 4 of its levels.

You collected 90 gold pieces.

Inventory:

Hand weapons
 a - a +0,+0 hand axe (quivered) {=f}
 n - a +1,+0 orcish falchion
 o - a +3,+4 quarterstaff of chaos (weapon)
Missiles
 g - 27 darts
Armour
 b - a +0 scale mail (worn)
 c - a +0 shield
 l - a cursed +0 cloak (worn)
Magical devices
 j - a wand of teleportation (1)
Comestibles
 d - 2 bread rations
Scrolls
 e - a scroll of fog
 k - a scroll of magic mapping {unknown}
Jewellery
 m - an uncursed amulet of stasis
 r - an uncursed amulet of resist corrosion
Potions
 f - a potion of restore abilities {unknown}
 p - a potion of speed {unknown}


   Skills:
 + Level 4.3(3.0) Fighting
 + Level 2.1(0.9) Long Blades
 + Level 2.8(1.6) Axes
 + Level 1.6(0.4) Staves
 + Level 0.6(0.0) Throwing
 + Level 6.0(4.6) Armour
 + Level 3.4(2.1) Dodging
 + Level 0.6(0.0) Stealth
   Level 5.1(3.8) Shields


You had 5 spell levels left.
You didn't know any spells.

Dungeon Overview and Level Annotations

Branches:
Dungeon (4/27)
 Temple: D:4-7

Altars:
Makhleb

Annotations:
D:4 Edmund


Innate Abilities, Weirdness & Mutations

You reflexively headbutt those who attack you in melee.
You have a pair of horns on your head.


Message History

You try to slip out of the net.
Edmund hits you but does no damage.
You feel drained.
The gnoll hits you from afar with a spear.
* * * LOW HITPOINT WARNING * * *
The gnoll hits you but does no damage.
The gnoll picks up a spear.
You slip out of the net!
The gnoll hits you but does no damage. Edmund hits you but does no damage.
You feel drained. The gnoll hits you but does no damage.
The gnoll barely misses you.
Edmund picks up a throwing net [frayed].
Edmund hits you but does no damage.
You feel drained.
You hit Edmund. You freeze Edmund. You headbutt Edmund, but do no damage.
Edmund is lightly wounded.
Edmund hits you with a flail of draining!
* * * LOW HITPOINT WARNING * * *
You feel drained.
* * * LOW HITPOINT WARNING * * *
Your scale mail prevents you from hitting Edmund.
Edmund is lightly wounded.
Edmund hits you with a flail of draining!
You die...

#.....# .....# #.
.....# #.. ..... #...
#... #...##..
#.....g#
#####...gg########.##
#.......gg@@.........
#........#########.##
.......# ##
..####..#######...
..................#
........))<.?......
........"........?.
...###.<...#...... #
#.....#......


You could see Edmund, a gnoll shaman and 3 gnolls.

Vanquished Creatures
  A dwarf (D:3)
  An ogre (D:4)
  Duvessa (D:4)
  Dowan (D:4)
  Crazy Yiuf (D:2)
  An orc wizard (D:3)
  7 adders
  3 worms
  2 giant geckos (D:2)
  An ooze (D:2)
  3 orcs (D:3)
  8 bats
  4 giant cockroaches
  9 hobgoblins
  5 jackals (D:1)
  8 kobolds
  4 giant newts
  A gnoll skeleton (D:4)
  7 goblins
  9 rats
  A rat skeleton (D:3)
  5 bushes (D:3)
83 creatures vanquished.

Notes
Turn   | Place    | Note
--------------------------------------------------------------
     0 | D:1      | sanboga, the Minotaur Fighter, began the quest for the Orb.
     0 | D:1      | Reached XP level 1. HP: 19/19 MP: 0/0
   112 | D:1      | Reached skill level 4 in Armour
   112 | D:1      | Reached XP level 2. HP: 19/26 MP: 0/0
   807 | D:2      | Reached XP level 3. HP: 17/33 MP: 1/1
  1003 | D:2      | Reached skill level 1 in Dodging
  1525 | D:2      | Reached XP level 4. HP: 39/39 MP: 1/1
  1627 | D:2      | Noticed Crazy Yiuf
  1636 | D:2      | Killed Crazy Yiuf
  2004 | D:3      | Found a burning altar of Makhleb.
  2013 | D:3      | Reached skill level 5 in Shields
  2023 | D:3      | Reached XP level 5. HP: 41/46 MP: 1/1
  2081 | D:3      | Reached skill level 5 in Armour
  2392 | D:3      | Noticed a dwarf
  2392 | D:3      | a worm changed into a dwarf
  2403 | D:3      | Killed a dwarf
  2403 | D:3      | Reached XP level 6. HP: 42/53 MP: 2/2
  3254 | D:4      | Reached skill level 1 in Long Blades
  3255 | D:4      | Noticed Duvessa
  3267 | D:4      | Killed Duvessa
  3267 | D:4      | Reached skill level 1 in Staves
  3269 | D:4      | Noticed Dowan
  3272 | D:4      | Noticed Edmund
  3276 | D:4      | Killed Dowan
  3276 | D:4      | Reached skill level 6 in Armour
  3292 | D:4      | HP: 1/53 [Edmund/flail of draining (4)]
  3293 | D:4      | Mangled by Edmund

Action                   |  1- 3 |  4- 6 || total
-------------------------+-------+-------++-------
Melee: Hand axe          |   104 |       ||   104
       Falchion          |    24 |    55 ||    79
       Quarterstaff      |       |   186 ||   186
Throw: Stone             |    14 |       ||    14
       Dart              |     3 |       ||     3
  Use: Scroll            |     5 |     5 ||    10
       Potion            |       |     4 ||     4
 Stab: Petrifying        |       |     1 ||     1
